 Dungeon Crawl Stone Soup version 0.20.0-15-g7f486f2 (webtiles) character file.

62 esteth the Digger (level 4, 0/24 HPs)
             Began as a Gargoyle Earth Elementalist on June 16, 2017.
             Slain by Terence
             ... wielding a +0 morningstar
              (8 damage)
             ... on level 2 of the Dungeon.
             The game lasted 00:03:49 (2260 turns).

esteth the Digger (Gargoyle Earth Elementalist)     Turns: 2260, Time: 00:03:49

Health: 0/24       AC:  5    Str: 12    XL:     4   Next: 8%
Magic:  3/7        EV: 12    Int: 16    God:
Gold:   22         SH:  0    Dex: 10    Spells: 6/7 levels left

rFire    . . .     SeeInvis .   r - +1 whip (flame)
rCold    . . .     Gourm    .   (no shield)
rNeg     + + .     Faith    .   c - +0 robe
rPois    ∞         Spirit   .   (no helmet)
rElec    +         Reflect  .   (no cloak)
rCorr    .         Harm     .   (no gloves)
MR       .....                  (no boots)
Stlth    ++........             (no amulet)
Regen    0.1/turn               f - ring of positive energy
MPRegen  0.1/turn               (no ring)

@: no status effects
A: negative energy resistance 1, electricity resistance, unbreathing,
petrification resistance, rot immunity, AC +3
a: no special abilities


You were on level 2 of the Dungeon.
You were not hungry.

You visited 1 branch of the dungeon, and saw 2 of its levels.

You collected 22 gold pieces.

Inventory:

Hand Weapons
 r - a +1 whip of flaming (weapon)
Missiles
 b - 63 stones (quivered)
Armour
 c - a +0 robe (worn)
Jewellery
 f - a ring of positive energy (left hand)
Scrolls
 k - a scroll of teleportation {unknown}
 n - a scroll of immolation {unknown}
 p - a scroll of fog {unknown}
 q - a scroll of remove curse {unknown}
Potions
 a - a potion of heal wounds {unknown}
 g - a potion of curing {unknown}
 i - a potion of might
 j - a potion of mutation {unknown}
 l - a potion of berserk rage {unknown}
Books
 e - a book of Geomancy

   Spells                             Type                      Level
   a - Sandblast                      Earth                        1
   b - Passwall                       Transmutation/Earth          2
   c - Stone Arrow                    Conjuration/Earth            3
   d - Petrify                        Transmutation/Earth          4
   e - Lee's Rapid Deconstruction     Earth                        5
Comestibles
 d - a bread ration
 h - 4 fruits
 m - a meat ration


   Skills:
 - Level 1.5 Dodging
 - Level 2.1 Stealth
 - Level 2.0 Spellcasting
   Level 0.7 Transmutations
 + Level 5.8 Earth Magic


You had 6 spell levels left.
You knew the following spells:

 Your Spells              Type           Power        Failure   Level  Hunger
a - Sandblast             Erth           ###...       1%          1    #......


Dungeon Overview and Level Annotations

Branches:
Dungeon (2/15)

Altars:

Annotations:
D:2 Terence


Innate Abilities, Weirdness & Mutations

You are resistant to torment.
Your stone body is resilient. (AC +3)
You are immune to poison.
You resist negative energy. (rN+)
You are resistant to electric shocks. (rElec)
You can survive without breathing.
You are immune to petrification.
You are immune to rotting.


Message History

The blast of sand misses Terence.
b - 65 stones The rat closely misses you.
Casting: Sandblast
Confirm with . or Enter, or press ? or * to list all spells.
Aiming: Sandblast
Press: ? - help, Shift-Dir - straight line, f/p - Terence
Aim: Terence, wielding a morningstar and wearing a runed chain mail The blast of sand hits Terence.
b - 64 stones Terence hits you with a morningstar.
The rat bites you but does no damage.
Casting: Sandblast
Confirm with . or Enter, or press ? or * to list all spells.
Aiming: Sandblast
Press: ? - help, Shift-Dir - straight line, f/p - Terence
Aim: Terence, wielding a morningstar and wearing a runed chain mail The blast of sand hits Terence.
b - 63 stones Terence hits you with a morningstar!
You die...

#############################
.................@..........####
................@rb.............
#####################........####
..# #........#... ..#
#............ ..# #.......#....
..#### ######....... ......
#.##.... ...... #+##.... ......
.....##.


You could see Terence, a bat and a rat.

Vanquished Creatures
  An adder (D:2)
  An ooze (D:1)
  2 dart slugs
  6 bats
  2 giant cockroaches (D:1)
  6 goblins (D:1)
  7 hobgoblins (D:1)
  4 jackals (D:2)
  2 frilled lizards
  3 kobolds
  8 rats
42 creatures vanquished.

Notes
Turn   | Place    | Note
-------+----------+-------------------------------------------
     0 | D:1      | esteth the Gargoyle Earth Elementalist began the quest for the Orb.
     0 | D:1      | Reached XP level 1. HP: 10/10 MP: 3/3
    14 | D:1      | Reached skill level 4 in Earth Magic
    70 | D:1      | Reached XP level 2. HP: 15/15 MP: 5/5
   722 | D:1      | Reached XP level 3. HP: 9/19 MP: 4/6
   902 | D:1      | Reached skill level 5 in Earth Magic
  2213 | D:2      | Reached XP level 4. HP: 24/24 MP: 7/7
  2226 | D:2      | Noticed Terence
  2260 | D:2      | Slain by Terence

Skill      XL: |  1  2  3 |
---------------+----------+-----
Earth Magic    | 4 5 |  5.8
Dodging        | |  1.5
Stealth        | |  2.1
Spellcasting   | |  2.0
Transmutations | |  0.7

Action                   |  1- 3 |  4- 6 || total
-------------------------+-------+-------++-------
Melee: Unarmed           |   222 |       ||   222
       Whip              |     7 |     7 ||    14
 Cast: Sandblast         |    16 |     4 ||    20
 Stab: Sleeping          |     3 |       ||     3
  Eat: Chunk             |     4 |     1 ||     5
Armor: Robe              |   117 |    14 ||   131
Dodge: Dodged            |   198 |    18 ||   216
